MLB
TORONTO BLUE JAYS @ BALTIMORE ORIOLES
07/11/2098
 
TOP OF THE 1ST
Toronto Blue Jays batting - Pitching for Baltimore Orioles : RHP Alvaro Vasquez
Pitching: RHP Alvaro Vasquez
Batting: LHB Collin Coleman 0-0: Ball
1-0: Called Strike
1-1: Foul Ball, location: 5F
1-2: Foul Ball, location: 2F
1-2: Ball
2-2: Strikes out swinging
Batting: RHB Greg Whitaker 0-0: Ground out 5-3 (Groundball, 56, EV 91.9 MPH)
Batting: LHB John Slaff 0-0: Ball
1-0: Ball
2-0: SINGLE (Flyball, 78S, EV 93.8 MPH)
Batting: SHB Dennis Desper 0-0: Ball
1-0: Ball
2-0: Called Strike
2-1: SINGLE (Line Drive, 9S, EV 108.1 MPH)
John Slaff to second
Runner from 2nd tries for 3rd, SAFE, throw by RF made to third
Batting: LHB Ramon Anguiano 0-0: Ball
1-0: Ball
2-0: Called Strike
2-1: Called Strike
2-2: Strikes out looking
Top of the 1st over - 0 runs, 2 hits, 0 errors, 2 left on base; Toronto 0 - Baltimore 0
BOTTOM OF THE 1ST
Baltimore Orioles batting - Pitching for Toronto Blue Jays : LHP Brian Hawkins
Pitching: LHP Brian Hawkins
Batting: LHB Jeremy Marshall 0-0: Called Strike
0-1: Fly out, F9 (Line Drive, 9S, EV 91.9 MPH)
Batting: LHB Jerry Peterson 0-0: Ball
1-0: Ball
2-0: SINGLE (Line Drive, 89S, EV 86.3 MPH)
Batting: RHB Eduardo Lopez 0-0: Called Strike
0-1: Ball
1-1: Ball
2-1: Grounds into double play, 4-6-3 (Groundball, 4MD, EV 101.3 MPH)
Bottom of the 1st over - 0 runs, 1 hit, 0 errors, 0 left on base; Toronto 0 - Baltimore 0
TOP OF THE 2ND
Toronto Blue Jays batting - Pitching for Baltimore Orioles : RHP Alvaro Vasquez
Batting: LHB Ryan Ricks 0-0: Called Strike
0-1: Foul Ball, location: 9LSF
0-2: Strikes out swinging
Batting: RHB Justin Dupree 0-0: Ball
1-0: Called Strike
1-1: Swinging Strike
1-2: Ball
2-2: Strikes out swinging
Batting: SHB Mark Spalding 0-0: Ground out 6-3 (Groundball, 6, EV 80.6 MPH)
Top of the 2nd over - 0 runs, 0 hits, 0 errors, 0 left on base; Toronto 0 - Baltimore 0
BOTTOM OF THE 2ND
Baltimore Orioles batting - Pitching for Toronto Blue Jays : LHP Brian Hawkins
Batting: RHB Travis Darling 0-0: Called Strike
0-1: Ball
1-1: Ball
2-1: Swinging Strike
2-2: Foul Ball, location: 5F
2-2: Foul Ball, location: 5F
2-2: Fly out, F8 (Flyball, 8RM, EV 85.6 MPH)
Batting: LHB Kenny West 0-0: Fly out, F6 (Popup, 6, EV 60.6 MPH)
Batting: LHB Nate Wagner 0-0: Foul Ball, location: 7LMF
0-1: Ball
1-1: Ball
2-1: Ball
3-1: Foul Ball, location: 25FF
3-2: Ground out 4-3 (Groundball, 4M, EV 100.0 MPH)
Bottom of the 2nd over - 0 runs, 0 hits, 0 errors, 0 left on base; Toronto 0 - Baltimore 0
TOP OF THE 3RD
Toronto Blue Jays batting - Pitching for Baltimore Orioles : RHP Alvaro Vasquez
Batting: SHB Alex Carrillo 0-0: Called Strike
0-1: Ball
1-1: Swinging Strike
1-2: Fly out, F7 (Flyball, 7LD, EV 100.6 MPH)
Batting: LHB Collin Coleman 0-0: Called Strike
0-1: Ball
1-1: Fly out, F4 (Popup, 4M, EV 52.5 MPH)
Batting: RHB Greg Whitaker 0-0: SINGLE (Line Drive, 8LS, EV 106.9 MPH)
Batting: LHB John Slaff 0-0: Fly out, F8 (Flyball, 89M, EV 81.9 MPH)
Top of the 3rd over - 0 runs, 1 hit, 0 errors, 1 left on base; Toronto 0 - Baltimore 0
BOTTOM OF THE 3RD
Baltimore Orioles batting - Pitching for Toronto Blue Jays : LHP Brian Hawkins
Batting: RHB Danny Haner 0-0: Ball
1-0: Swinging Strike
1-1: Ground out 4-3 (Groundball, 4, EV 104.4 MPH)
Batting: RHB Ed Pollock 0-0: Ball
1-0: Ball
2-0: Called Strike
2-1: Swinging Strike
2-2: Ball
3-2: Strikes out swinging
Batting: RHB Lee Board 0-0: Ball
1-0: Called Strike
1-1: Ball
2-1: Ball
3-1: Base on Balls
Pitching: RHP Adam Lyons
Batting: LHB Jeremy Marshall 0-0: Ball
1-0: Ball
2-0: Called Strike
2-1: Ball
3-1: Base on Balls
Lee Board to second
Batting: LHB Jerry Peterson 0-0: Called Strike
0-1: Ball
1-1: Swinging Strike
1-2: 3-RUN HOME RUN (Flyball, 9D, EV 93.8 MPH), Distance : 375 ft
Batting: RHB Eduardo Lopez 0-0: Called Strike
0-1: Called Strike
0-2: Ball
1-2: Ball
2-2: Ball
3-2: Base on Balls
Batting: RHB Travis Darling 0-0: Called Strike
0-1: Ball
1-1: Ball
2-1: Ball
3-1: Foul Ball, location: 2F
3-2: Base on Balls
Eduardo Lopez to second
Batting: LHB Kenny West 0-0: Called Strike
0-1: Ball
1-1: Foul Ball, location: 2F
1-2: Fly out, F8 (Flyball, 78D, EV 98.8 MPH)
Bottom of the 3rd over - 3 runs, 1 hit, 0 errors, 2 left on base; Toronto 0 - Baltimore 3
TOP OF THE 4TH
Toronto Blue Jays batting - Pitching for Baltimore Orioles : RHP Alvaro Vasquez
Batting: SHB Dennis Desper 0-0: Ball
1-0: Called Strike
1-1: Ball
2-1: Called Strike
2-2: SINGLE (Groundball, 34D, EV 105.6 MPH)
Batting: LHB Ramon Anguiano 0-0: Called Strike
0-1: Called Strike
0-2: Grounds into double play, 4-6-3 (Groundball, 4, EV 100.6 MPH)
Batting: LHB Ryan Ricks 0-0: Ball
1-0: Foul Ball, location: 23F
1-1: Foul Ball, location: 2F
1-2: Ball
2-2: Strikes out swinging
Top of the 4th over - 0 runs, 1 hit, 0 errors, 0 left on base; Toronto 0 - Baltimore 3
BOTTOM OF THE 4TH
Baltimore Orioles batting - Pitching for Toronto Blue Jays : RHP Adam Lyons
Batting: LHB Nate Wagner 0-0: Called Strike
0-1: Ball
1-1: Ball
2-1: Ball
3-1: Base on Balls
Batting: RHB Danny Haner 0-0: Ball
1-0: Ball
2-0: Ball
3-0: Called Strike
3-1: Called Strike
3-2: Ground out 5-3 (Groundball, 56S, EV 65.0 MPH)
Nate Wagner to second
Pitching: RHP Blake Dickerson
Batting: RHB Ed Pollock 0-0: Ball
1-0: Ground out 6-3 (Groundball, 6S, EV 85.6 MPH)
Nate Wagner to third
Batting: RHB Lee Board 0-0: Ball
1-0: Called Strike
1-1: Foul Ball, location: 7LDF
1-2: Ground out 6-3 (Groundball, 6MS, EV 63.1 MPH)
Bottom of the 4th over - 0 runs, 0 hits, 0 errors, 1 left on base; Toronto 0 - Baltimore 3
TOP OF THE 5TH
Toronto Blue Jays batting - Pitching for Baltimore Orioles : RHP Alvaro Vasquez
Batting: RHB Justin Dupree 0-0: Ball
1-0: Ball
2-0: Ball
3-0: Base on Balls
Batting: SHB Mark Spalding 0-0: Fielders Choice at 2nd, 1-4 (Groundball, 15S, EV 68.8 MPH)
Batting: SHB Alex Carrillo 0-0: Swinging Strike
0-1: Swinging Strike
0-2: Ball
1-2: Ball
2-2: Strikes out swinging
Batting: LHB Collin Coleman 0-0: Called Strike
0-1: Called Strike
0-2: Strikes out swinging, 2-3 out at first.
Top of the 5th over - 0 runs, 0 hits, 0 errors, 1 left on base; Toronto 0 - Baltimore 3
BOTTOM OF THE 5TH
Baltimore Orioles batting - Pitching for Toronto Blue Jays : RHP Blake Dickerson
Batting: LHB Jeremy Marshall 0-0: Ball
1-0: Ball
2-0: Ground out 4-3 (Groundball, 4, EV 88.8 MPH)
Pitching: RHP Victor Urueta
Batting: LHB Jerry Peterson 0-0: Swinging Strike
0-1: Called Strike
0-2: Ball
1-2: Ball
2-2: Foul Ball, location: 7LDF
2-2: Foul Ball, location: 2F
2-2: Ball
3-2: Foul Ball, location: 2F
3-2: Foul Ball, location: 2F
3-2: Foul Ball, location: 2F
3-2: Fly out, F5 (Popup, 5SF, EV 68.1 MPH)
Batting: RHB Eduardo Lopez 0-0: Ball
1-0: Swinging Strike
1-1: Swinging Strike
1-2: Strikes out looking
Bottom of the 5th over - 0 runs, 0 hits, 0 errors, 0 left on base; Toronto 0 - Baltimore 3
TOP OF THE 6TH
Toronto Blue Jays batting - Pitching for Baltimore Orioles : RHP Alvaro Vasquez
Batting: RHB Greg Whitaker 0-0: Called Strike
0-1: Foul Ball, location: 2F
0-2: Strikes out swinging
Batting: LHB John Slaff 0-0: Ball
1-0: Called Strike
1-1: Ball
2-1: Ball
3-1: Swinging Strike
3-2: Foul Ball, location: 2F
3-2: SINGLE (Groundball, 4D, EV 97.5 MPH)
Batting: SHB Dennis Desper 0-0: Grounds into double play, 4-6-3 (Groundball, 4, EV 81.3 MPH)
Top of the 6th over - 0 runs, 1 hit, 0 errors, 0 left on base; Toronto 0 - Baltimore 3
BOTTOM OF THE 6TH
Baltimore Orioles batting - Pitching for Toronto Blue Jays : RHP Victor Urueta
Batting: RHB Travis Darling 0-0: Swinging Strike
0-1: Ball
1-1: Foul Ball, location: 23F
1-2: Ball
2-2: Strikes out looking
Batting: LHB Kenny West 0-0: Ball
1-0: Ground out 4-3 (Groundball, 4S, EV 77.5 MPH)
Batting: LHB Nate Wagner 0-0: Ball
1-0: Fly out, F7 (Flyball, 78D, EV 101.9 MPH)
Bottom of the 6th over - 0 runs, 0 hits, 0 errors, 0 left on base; Toronto 0 - Baltimore 3
TOP OF THE 7TH
Toronto Blue Jays batting - Pitching for Baltimore Orioles : RHP Alvaro Vasquez
Batting: LHB Ramon Anguiano 0-0: Called Strike
0-1: Ball
1-1: Ball
2-1: Swinging Strike
2-2: Strikes out swinging
Batting: LHB Ryan Ricks 0-0: Called Strike
0-1: Foul Ball, location: 7LDF
0-2: Strikes out looking
Batting: RHB Justin Dupree 0-0: Swinging Strike
0-1: Ball
1-1: Fly out, F8 (Flyball, 8RD, EV 81.3 MPH)
Top of the 7th over - 0 runs, 0 hits, 0 errors, 0 left on base; Toronto 0 - Baltimore 3
BOTTOM OF THE 7TH
Baltimore Orioles batting - Pitching for Toronto Blue Jays : RHP Victor Urueta
Pitching: RHP Ivan Juarez
Batting: RHB Danny Haner 0-0: Ball
1-0: Called Strike
1-1: Called Strike
1-2: Reached on error, E6 (Groundball, 6S, EV 82.5 MPH)
Batting: RHB Ed Pollock 0-0: SINGLE (Groundball, 56, EV 78.1 MPH)
Danny Haner to second
Batting: RHB Lee Board 0-0: Ball
1-0: Swinging Strike
1-1: Swinging Strike
1-2: Ball
2-2: Strikes out looking
Batting: LHB Jeremy Marshall 0-0: Called Strike
0-1: Ball
1-1: Foul Ball, location: 2F
1-2: Ball
2-2: Foul Ball, location: 2LF
2-2: DOUBLE (Line Drive, 5D, EV 95.0 MPH)
Danny Haner scores
Ed Pollock to third
Runner from 3rd tries for Home, SAFE, throw by LF to trailing runner, SAFE at third!
Batting: LHB Jerry Peterson 0-0: Called Strike
0-1: Foul Ball, location: 23F
0-2: Ball
1-2: Foul Ball, location: 2F
1-2: Foul Ball, location: 2F
1-2: Ball
2-2: Foul Ball, location: 5SF
2-2: Strikes out looking
Pitching: RHP Adrian Korner
Batting: RHB Eduardo Lopez 0-0: Called Strike
0-1: Ball
1-1: Ball
2-1: Ball
3-1: Base on Balls
Batting: RHB Travis Darling 0-0: Called Strike
0-1: Ball
1-1: Foul Ball, location: 9LMF
1-2: Ball
2-2: Fly out, F8 (Line Drive, 8RM, EV 87.5 MPH)
Bottom of the 7th over - 2 runs, 2 hits, 1 error, 2 left on base; Toronto 0 - Baltimore 5
TOP OF THE 8TH
Toronto Blue Jays batting - Pitching for Baltimore Orioles : RHP Alvaro Vasquez
Now in LF: Victor Rojas
Now in CF: Danny Haner
Batting: SHB Mark Spalding 0-0: Called Strike
0-1: Ball
1-1: Foul Ball, location: 3F
1-2: Fly out, F7 (Line Drive, 7LM, EV 97.5 MPH)
Pitching: LHP Jonathan Wells
Batting: SHB Alex Carrillo 0-0: Ball
1-0: Ball
2-0: Foul Ball, location: 9LDF
2-1: Ball
3-1: Base on Balls
Batting: LHB Collin Coleman 0-0: Foul Ball, location: 25F
0-1: Swinging Strike
0-2: Fly out, F8 (Flyball, 78M, EV 81.3 MPH)
Batting: RHB Greg Whitaker 0-0: Ball
1-0: Ball
2-0: Fly out, F9 (Flyball, 89M, EV 88.8 MPH)
Top of the 8th over - 0 runs, 0 hits, 0 errors, 1 left on base; Toronto 0 - Baltimore 5
BOTTOM OF THE 8TH
Baltimore Orioles batting - Pitching for Toronto Blue Jays : RHP Adrian Korner
Batting: LHB Kenny West 0-0: Fly out, F7 (Flyball, 78S, EV 80.6 MPH)
Pitching: RHP Bryan Bassett
Batting: LHB Nate Wagner 0-0: SINGLE (Line Drive, 8LS, EV 89.4 MPH)
Batting: RHB Danny Haner 0-0: Ball
1-0: Ball
2-0: Called Strike
2-1: Ball
3-1: Fly out, F8 (Flyball, 8RXD, EV 108.1 MPH)
Batting: RHB Ed Pollock 0-0: Called Strike
0-1: Ball
1-1: Ground out 5-3 (Groundball, 56S, EV 90.6 MPH)
Bottom of the 8th over - 0 runs, 1 hit, 0 errors, 1 left on base; Toronto 0 - Baltimore 5
TOP OF THE 9TH
Toronto Blue Jays batting - Pitching for Baltimore Orioles : LHP Jonathan Wells
Pinch Hitting: RHB Danny Daugherty 0-0: Ball
1-0: SOLO HOME RUN (Flyball, 7LD, EV 98.8 MPH), Distance : 350 ft
Batting: SHB Dennis Desper 0-0: Foul Ball, location: 3FF
0-1: Foul Ball, location: 3FF
0-2: Ball
1-2: Ball
2-2: SINGLE (Groundball, 56S, EV 68.8 MPH) (infield hit)
Batting: LHB Ramon Anguiano 0-0: Foul Ball, location: 2F
0-1: 2-RUN HOME RUN (Flyball, 9D, EV 103.8 MPH), Distance : 382 ft
Pitching: RHP Roger Diaz
Batting: LHB Ryan Ricks 0-0: Swinging Strike
0-1: Foul Ball, location: 5FF
0-2: Ball
1-2: Strikes out swinging
Batting: RHB Justin Dupree 0-0: Called Strike
0-1: Ball
1-1: Called Strike
1-2: Ball
2-2: Strikes out swinging
Batting: SHB Mark Spalding 0-0: Called Strike
0-1: Ball
1-1: Called Strike
1-2: Foul Ball, location: 2F
1-2: Strikes out swinging
Top of the 9th over - 3 runs, 3 hits, 0 errors, 0 left on base; Toronto 3 - Baltimore 5
Tuesday, April 9th , 2024 - OOTP Baseball 24.11 Build 85